 Dungeon Crawl Stone Soup version 0.26.0-20-g3ca415f5b8 (webtiles) character file.

Game seed: 14592448776143576818

2305 hawla the Conjurer (level 9, -5/64 HPs)
             Began as a Pale Draconian Conjurer on Jan 24, 2021.
             Was an Initiate of Gozag.
             Slain by a wyvern (12 damage)
             ... on level 8 of the Dungeon.
             The game lasted 00:23:45 (8672 turns).

hawla the Conjurer (Pale Draconian Conjurer)        Turns: 8672, Time: 00:23:46

Health: -5/64      AC:  9    Str:  9    XL:     9   Next: 18%
Magic:  9/18       EV: 12    Int: 22    God:    Gozag
Gold:   451        SH:  0    Dex: 10    Spells: 14/21 levels left

rFire    + . .     SeeInvis .   v - staff of poison (curse)
rCold    . . .     Faith    .   (no shield)
rNeg     . . .     Spirit   .   (armour unavailable)
rPois    +         Reflect  .   (helmet restricted)
rElec    .         Harm     .   B - +0 cloak
rCorr    .         Rampage  .   (no gloves)
Will     .....     NoTele   +   s - +0 pair of boots
Stlth    ++........             (no amulet)
HPRegen  0.20/turn              k - ring of flight (curse)
MPRegen  0.16/turn              d - ring of protection from fire

@: can't move, very slightly contaminated
A: breathe steam, unfitting armour, cold-blooded, AC +7
a: Breathe Steam, Renounce Religion, Evoke Flight, Potion Petition, Call
Merchant, Bribe Branch


You were on level 8 of the Dungeon.
You worshipped Gozag.
Gozag was aware of your devotion.
You visited 2 branches of the dungeon, and saw 9 of its levels.

You collected 512 gold pieces.
You paid 61 gold pieces to Gozag.

Inventory:

Missiles
 h - 4 boomerangs
Armour
 s - a +0 pair of boots (worn)
 B - a +0 cloak (worn)
Magical Staves
 v - a cursed staff of poison (weapon)
Jewellery
 d - a ring of protection from fire (right hand)
 j - an uncursed ring of ice
 k - a cursed ring of flight (left hand)
Wands
 l - a wand of digging (7)
Scrolls
 b - 3 scrolls of teleportation
 c - 4 scrolls of remove curse
 f - a scroll of amnesia
 i - a scroll of enchant weapon
 m - 3 scrolls of fog
 n - 2 scrolls of identify
 p - a scroll of enchant armour
 r - 2 scrolls of fear
Potions
 a - 2 potions of heal wounds
 e - 2 potions of cancellation
 g - a potion of brilliance {unknown}
 u - 2 potions of mutation {unknown}
 w - a potion of curing
 z - a potion of might {unknown}


   Skills:
 - Level 1.0 Fighting
 + Level 5.3 Staves
 - Level 1.0 Throwing
 - Level 2.0 Dodging
 - Level 2.0 Stealth
 + Level 6.5 Spellcasting
 - Level 7.0 Conjurations
 - Level 5.5 Translocations
 - Level 1.0 Evocations


You had 14 spell levels left.
You knew the following spells:

 Your Spells              Type           Power        Failure   Level
a - Magic Dart            Conj           100%         1%          1
b - Searing Ray           Conj           76%          1%          2
c - Iskenderun's Mystic   Conj/Tloc      34%          6%          4

Your spell library contained the following spells:

 Spells                   Type           Power        Failure   Level
 Dazzling Flash           Conj/Hex       44%          6%          3
 Corona                   Hex            7%           9%          1
 Ensorcelled Hibernation  Hex/Ice        14%          13%         2
 Fulminant Prism          Conj/Hex       11%          21%         4
 Confusing Touch          Hex            7%           26%         3
 Tukima's Dance           Hex            7%           26%         3


Dungeon Overview and Level Annotations

Branches:
Dungeon (8/15)             Temple (1/1) D:6
   Lair: D:8-11

Altars:
Ashenzari
Cheibriados
Dithmenos
Elyvilon
Fedhas
Gozag
Hepliaklqana
Kikubaaqudgha
Makhleb
Nemelex Xobeh
Okawaru
Qazlal
Ru
Sif Muna
Trog
Uskayaw
Vehumet
Wu Jian
Xom
Yredelemnul
Zin

Portals:
Abyss: D:7

Annotations:
D:7 2 transporters, Zeldest's ghost, novice TrEE
D:8 Joseph


Innate Abilities, Weirdness & Mutations

You can breathe blasts of scalding, opaque steam.
Your pale cyan-grey scales are hard. (AC +7)
You cannot fit into any form of body armour.
You are cold-blooded and may be slowed by cold attacks.


Message History

The wyvern bites you.
The wyvern becomes distracted by the nearby gold, dreaming of imaginary riches.
You see here 5 gold pieces.
The wyvern is no longer distracted by gold.
There is a stone staircase leading up here.
An ogre comes into view. It is wielding a +0 giant club.
A howler monkey skeleton comes into view.
Found 20 gold pieces.
The wyvern barely misses you. The wyvern bites you!
Casting: Searing Ray (safe; 1% risk of failure)
Confirm with . or Enter, or press ? or * to list all spells.
You miscast Iskenderun's Mystic Blast.
You are very lightly contaminated with residual magic.
Space twists in upon itself.
You are magically locked in place.
The wyvern bites you!
* * * LOW HITPOINT WARNING * * *
The howler monkey skeleton barely misses you.
The wyvern bites you!
You die...
Your body crumbles into a pile of gold.

..## ... ## # .. O# ##
#.#.## .## #.... #
..##########.#######.#
.......[.............#
...$...<............$#
..###########..l@Z...#
..# #........# .##
########## ## #


You could see a wyvern and a howler monkey skeleton.

Vanquished Creatures
  Sigmund (D:3)
  Duvessa (D:5)
  A water moccasin (D:6)
  A phantom (D:6)
  A sky beast (D:5)
  5 ogres
  A centaur (D:6)
  A bullfrog (D:6)
  Dowan (D:5)
  A killer bee (D:4)
  2 howler monkeys
  2 bullfrog zombies
  A jelly (D:7)
  A bullfrog skeleton (D:5)
  3 hounds
  5 orc wizards
  4 orc priests
  Crazy Yiuf (D:5)
  A gnoll shaman (D:4)
  2 iguanas
  6 worker ants
  A killer bee zombie (D:8)
  A hound skeleton (D:8)
  A worker ant zombie (D:3)
  5 gnolls
  6 adders
  A shadow imp (D:6)
  3 oozes
  An ufetubus (D:5)
  An adder skeleton (D:5)
  2 adder zombies
  3 worms
  A dart slug (D:4)
  4 leopard geckos
  22 orcs
  4 giant cockroaches
  4 goblins
  3 hobgoblins
  11 jackals
  A quokka (D:7)
  2 ball pythons
  7 bats
  3 frilled lizards
  A giant cockroach zombie (D:4)
  A jackal skeleton (D:6)
  6 kobolds
  2 leopard gecko skeletons
  A leopard gecko zombie (D:5)
  6 rats
146 creatures vanquished.

Vanquished Creatures (others)
  2 fungi (D:7)
  4 plants (D:7)
  7 toadstools (D:1)
13 creatures vanquished.

Grand Total: 159 creatures vanquished

Notes
Turn   | Place    | Note
-------+----------+-------------------------------------------
     0 | D:1      | hawla the Draconian Conjurer began the quest for the Orb.
     0 | D:1      | Reached XP level 1. HP: 14/14 MP: 3/3
   564 | D:1      | Reached skill level 1 in Fighting
   564 | D:1      | Reached XP level 2. HP: 23/23 MP: 0/5
   567 | D:1      | Learned a level 2 spell: Searing Ray
  1164 | D:2      | Reached skill level 1 in Throwing
  1164 | D:2      | Reached XP level 3. HP: 28/28 MP: 2/7
  1520 | D:2      | Found a sparkling altar of Nemelex Xobeh.
  1527 | D:2      | Found an ornate altar of the Wu Jian Council.
  1728 | D:2      | Reached XP level 4. HP: 35/35 MP: 7/9
  1733 | D:2      | Learned a level 4 spell: Iskenderun's Mystic Blast
  1982 | D:3      | Noticed Sigmund
  2216 | D:3      | Killed Sigmund
  2217 | D:3      | Reached skill level 1 in Evocations
  2217 | D:3      | Reached XP level 5. HP: 40/40 MP: 1/10
  2480 | D:3      | Reached skill level 5 in Conjurations
  2480 | D:3      | Reached XP level 6. HP: 47/47 MP: 4/11
  3503 | D:4      | Got a warped hand axe
  3504 | D:4      | Identified the +5 hand axe of Abuse {freeze, rElec Str+8
                  | Int-2} (You found it on level 4 of the Dungeon)
  3981 | D:4      | Reached skill level 1 in Staves
  3981 | D:4      | Your scales start taking on a pale cyan-grey colour.
  3981 | D:4      | Reached XP level 7. HP: 36/52 MP: 7/13
  4413 | D:5      | Entered Level 5 of the Dungeon
  4413 | D:5      | Noticed Duvessa
  4413 | D:5      | Noticed Dowan
  4790 | D:5      | Reached skill level 6 in Conjurations
  4878 | D:5      | Killed Dowan
  4962 | D:5      | Killed Duvessa
  5124 | D:5      | Found a bloodstained altar of Trog.
  5124 | D:5      | Found a radiant altar of Vehumet.
  5137 | D:5      | Found a hide-covered altar of Uskayaw.
  5200 | D:5      | Found a snail-covered altar of Cheibriados.
  5340 | D:5      | Found a broken altar of Ashenzari.
  5444 | D:5      | Found a runed translucent door.
  5445 | D:5      | Noticed Crazy Yiuf
  5451 | D:5      | Killed Crazy Yiuf
  5458 | D:5      | Got a dazzling mace
  5459 | D:5      | Identified the cursed +0 mace of Darkness {vorpal, *Corrode
                  | rPois rF- Str+6} (You found it on level 5 of the Dungeon)
  5523 | D:5      | Reached XP level 8. HP: 7/59 MP: 5/15
  5807 | D:6      | Reached skill level 5 in Translocations
  6179 | D:6      | Reached skill level 5 in Spellcasting
  6179 | D:6      | Reached skill level 7 in Conjurations
  6320 | D:6      | Found a staircase to the Ecumenical Temple.
  6345 | Temple   | Entered the Ecumenical Temple
  6583 | Temple   | Became a worshipper of Gozag Ym Sagoz the Greedy
  7611 | D:7      | Reached XP level 9. HP: 58/64 MP: 13/18
  7810 | D:7      | Found a blossoming altar of Fedhas.
  7810 | D:7      | Found a stormy altar of Qazlal.
  7981 | D:7      | Found a transporter.
  8013 | D:7      | Found a one-way gate to the infinite horrors of the Abyss.
  8013 | D:7      | Noticed Zeldest's ghost (novice TrEE)
  8088 | D:7      | Found a transporter.
  8213 | D:7      | Reached skill level 5 in Staves
  8404 | D:8      | Found a white marble altar of Elyvilon.
  8581 | D:8      | Noticed Joseph
  8586 | D:8      | Found a basalt altar of Yredelemnul.
  8672 | D:8      | Slain by a wyvern

Illustrated notes

Levels and vault maps discovered:
D:1:      nagdon_arrival_zigzag_paths, layout_basic
D:2:      layout_rooms, nemelex_xobeh_ov_fountains_minmay,
          nzn_wu_jian_contemplation
D:3:      layout_loops_ring, cheibrodos_gnoll_hut, uniq_sigmund
D:4:      layout_loops_corners, minmay_manual_macuahuitl
D:5:      layout_rooms, nicolae_overflow_hidden_temple, cheibriados_altar_1,
          uniq_crazy_yiuf_cottage, uniq_duvessa
D:6:      layout_gridville, minmay_temple_entry_butterflies, serial_rivers,
          chequers_serial_rivers_micro_e, chequers_serial_rivers_micro_d,
          chequers_serial_rivers_room_b, chequers_serial_rivers_micro_d
D:7:      layout_loops_ring, grunt_temple_overflow_forces_of_nature,
          gammafunk_ghost_abyssal_escape
D:8:      layout_rooms, kennysheep_ying_yang, enter_bailey_5, serial_shops,
          shop, minmay_microvault, uniq_joseph
Temple:   jpeg_temple_alley_garden

Skill      XL: |  1  2  3  4  5  6  7  8  9 |
---------------+----------------------------+-----
Stealth        | 2 |  2.0
Dodging        | 2 |  2.0
Fighting       | 1 |  1.0
Throwing       | 1 |  1.0
Spellcasting   | 3 4 6 |  6.5
Translocations | 2 3 4 5 |  5.5
Evocations     | 1 |  1.0
Conjurations   | 5 6 7 |  7.0
Staves         | 1 2 4 5 |  5.3

Action                   |  1- 3 |  4- 6 |  7- 9 || total
-------------------------+-------+-------+-------++-------
Melee: Unarmed           |     4 |       |       ||     4
       Tailslap          |     1 |       |     5 ||     6
       Dagger            |     6 |       |       ||     6
       Staff             |       |     2 |    50 ||    52
 Cast: Magic Dart        |    33 |    20 |    47 ||   100
       Searing Ray       |    10 |    21 |    54 ||    85
       Iskenderun's Myst |       |     1 |    23 ||    24
 Abil: Stop Flying       |       |       |     2 ||     2
       Evoke Flight      |       |       |     2 ||     2
  Use: Scroll            |     5 |     3 |     9 ||    17
       Potion            |       |     2 |     4 ||     6
Armor: Skin              |     6 |     3 |    41 ||    50
Dodge: Dodged            |    16 |    11 |    83 ||   110
